[Event "Team 45 45 League T28"]
[Site "Internet Chess Club"]
[Date "2005.10.15"]
[Round "5"]
[White "rgadoury"]
[Black "houseofcook"]
[Result "0-1"]
[WhiteElo "1325"]
[BlackElo "1362"]
[TimeControl "2700+45"]

1. Nf3 Nf6 2. g3 g6 3. Bg2 Bg7 4. d3 d5 5. Nbd2 O-O 6. O-O Nc6 7. a3 Bg4 8. h3
Bf5 9. g4 Bc8 10. Rb1 Re8 11. Re1 e5 12. e4 d4 13. b4 b5 14. Nb3 Nd7 15. Nc5 a6
16. Nxd7 Qxd7 17. Nd2 Rb8 18. Nb3 Nd8 19. Nc5 Qd6 20. Rf1 Nb7 21. Nxb7 Bxb7 22.
f4 f6 23. f5 gxf5 24. Rxf5 Bc8 25. Rf2 Rf8 26. Bd2 Bd7 27. c4 c6 28. c5 Qe7 29.
Qe2 Qe6 30. Rb2 Kh8 31. Bf3 Rg8 32. Kh2 Qe7 33. Rg2 h6 34. Kg1 Be6 35. Kf1 Qd7
36. Qf2 Bf8 37. Rg3 Rb7 38. Ke1 Kh7 39. Qh2 Qc8 40. Bc1 Rbg7 41. Rbg2 Rg6 42. h4
Bxg4 43. Rxg4 Rxg4 44. Rxg4 Rxg4 45. Qf2 Rg8 46. Bh5 Qe6 47. Qf5+ Qxf5 48. exf5
Rg1+ 49. Kd2 Kg7 50. Bg6 Rg4 51. h5 e4 52. dxe4 Rxe4 53. Be8 Rxe8 {White
resigns} 0-1

[Event "Team 45 45 League T28"]
[Site "Internet Chess Club"]
[Date "2005.10.16"]
[Round "5"]
[White "Avedldesierto"]
[Black "Knight77"]
[Result "1-0"]
[WhiteElo "1680"]
[BlackElo "1837"]
[TimeControl "2700+45"]

1. e4 c5 2. Nf3 d6 3. d4 cxd4 4. Nxd4 Nf6 5. Nc3 g6 6. Be3 Bg7 7. Bb5+ Bd7 8.
Bxd7+ Nbxd7 9. O-O O-O 10. f3 Rc8 11. Qe2 Ne5 12. Qb5 Nc4 13. Bf2 Qc7 14. Rad1
a6 15. Qb4 a5 16. Qb3 Qd7 17. Rfe1 Rfd8 18. Kh1 Ne8 19. a4 Nb6 20. Qxb6 Rc4 21.
Qxa5 Rdc8 22. Be3 Nc7 23. Re2 Na6 24. Qb5 Qd8 25. Nd5 e6 26. b3 Rxd4 27. Bxd4
exd5 28. Bxg7 Kxg7 29. Qxb7 Nc5 30. Qxd5 Ne6 31. Qxd6 Qa5 32. Qe7 Rc7 33. Rd7
Qe5 34. Qxf7+ Kh6 35. Qxh7+ Kg5 36. g3 Qa1+ 37. Kg2 Rxd7 38. Qh4# {Black
checkmated} 1-0  LeBot(C TD)(340): Gomer hosts the Golden Kumara knockout on
Saturday afternoon at 3pm. See web site for details 
http://members.cox.net/emcutting/Eventspage.html

[Event "Team 45 45 League T28"]
[Site "Internet Chess Club"]
[Date "2005.10.15"]
[Round "5"]
[White "Smart"]
[Black "MoluscoGrotesco"]
[Result "0-1"]
[WhiteElo "1507"]
[BlackElo "1640"]
[TimeControl "2700+45"]

1. e4 c5 2. Nf3 d6 3. d4 cxd4 4. Nxd4 Nc6 5. Be3 a6 6. Nc3 e5 7. Nb3 Nf6 8. f3
Be7 9. Qd2 Be6 10. O-O-O Bxb3 11. cxb3 O-O 12. g4 Rc8 13. Kb1 b5 14. g5 Ne8 15.
Nd5 Rb8 16. h4 Rb7 17. h5 f5 18. g6 h6 19. Bxh6 f4 20. Bxg7 Kxg7 21. Nxe7 Qxe7
22. Qg2 Kh6 23. Bd3 Qg5 24. Qxg5+ Kxg5 25. Rdg1+ Kh6 26. Rh4 Nd4 27. Rh3 Ng7 28.
Rgh1 Nge6 29. Rf1 Ng5 30. Rhh1 Ngxf3 31. Rf2 Ng5 32. Rg2 f3 33. Rg3 f2 34. Rg4
Rf3 35. Bf1 Re3 36. a3 Re1+ 37. Ka2 Nc2 38. b4 Ne3 39. Rh2 Nxg4 {White resigns}
0-1

[Event "Team 45 45 League T28"]
[Site "Internet Chess Club"]
[Date "2005.10.21"]
[Round "5"]
[White "Tomate"]
[Black "Creecher"]
[Result "0-1"]
[WhiteElo "1384"]
[BlackElo "1493"]
[TimeControl "2700+45"]

1. e4 c5 2. Nc3 d6 3. f4 Qc7 4. d4 cxd4 5. Qxd4 Nc6 6. Bb5 Bd7 7. Bxc6 Bxc6 8.
Nf3 Nf6 9. O-O e6 10. e5 dxe5 11. fxe5 Bxf3 12. Nb5 Qc6 13. Nd6+ Bxd6 14. exd6
Bxg2 15. Rxf6 Bh3 16. Rf2 O-O 17. Bg5 f6 18. Qh4 fxg5 19. Qxh3 Qxd6 20. Re2 Rf6
21. Qb3 b6 22. c3 Re8 23. Qb5 Re7 24. Rae1 Kf7 25. Rf1 Rc7 26. Qxg5 Qc5+ 27.
Qxc5 Rxc5 28. Rd1 Ke7 29. Red2 Rc7 30. Rd3 e5 31. a4 Ke8 32. Re3 Rg6+ 33. Kh1
Re7 34. Rd5 Rge6 35. c4 g5 36. c5 bxc5 37. Rxc5 Kf7 38. Kg2 Kg6 39. Kg3 h5 40.
b4 Kf5 41. b5 Rd6 42. Re2 Rd3+ 43. Kf2 Kf4 44. Kg2 Re3 45. Rc4+ e4 46. Rxe3 Kxe3
47. Rc3+ Kf4 48. Kf2 g4 49. Rc6 e3+ 50. Ke2 Re4 51. Ra6 Rd4 52. Rxa7 Rd2+ 53.
Ke1 Kf3 54. Rf7+ Kg2 55. b6 Kxh2 56. b7 Rb2 57. Rc7 h4 58. Rc2+ Rxc2 59. b8=Q+
g3 60. Qf4 h3 61. Qxe3 g2 62. Qf4+ Kh1 63. Qe4 Ra2 64. Kd1 Rxa4 65. Qxa4 g1=Q+
66. Kc2 Qf2+ 67. Kd3 h2 68. Qe4+ Kg1 69. Qg4+ Qg2 70. Qd1+ Kf2 71. Qe2+ Kg3 72.
Qe5+ Kh4 73. Qe4+ Qg4 74. Qe7+ Kh3 75. Qh7+ Kg2 {White resigns} 0-1 
LaskerFan(340): mistell

[Event "Team 45 45 League T28"]
[Site "Internet Chess Club"]
[Date "2005.10.17"]
[Round "5"]
[White "fibin"]
[Black "nona"]
[Result "1/2-1/2"]
[WhiteElo "1540"]
[BlackElo "1541"]
[TimeControl "2700+45"]

1. e4 d5 2. exd5 Nf6 3. Bb5+ Bd7 4. Bxd7+ Nbxd7 5. Nc3 Nb6 6. Nf3 Nbxd5 7. Nxd5
Nxd5 8. c4 Nf6 9. O-O g6 10. Ne5 c5 11. Qa4+ Nd7 12. d4 cxd4 13. c5 Qc7 14. Bf4
Bg7 15. Rfe1 f6 16. Nd3 e5 17. Rac1 O-O 18. c6 Nb6 19. Qb3+ Kh8 20. cxb7 Qxb7
21. Nc5 Qd5 22. Qxd5 Nxd5 23. Bd2 Rfc8 24. Ne6 {Game drawn by mutual agreement}
1/2-1/2

[Event "Team 45 45 League T28"]
[Site "Internet Chess Club"]
[Date "2005.10.13"]
[Round "5"]
[White "G11825"]
[Black "houseofcook"]
[Result "0-1"]
[WhiteElo "1403"]
[BlackElo "1346"]
[TimeControl "2700+45"]

1. e4 e6 2. Nf3 d5 3. exd5 exd5 4. d4 Be6 5. Bd3 Nf6 6. O-O c6 7. Bf4 Qb6 8. Nc3
Nbd7 9. Re1 Be7 10. Qd2 O-O 11. Rab1 Rfe8 12. Ng5 Bg4 13. h3 Bh5 14. Ne2 Bg6 15.
Bxg6 fxg6 16. Qd3 Nh5 17. c4 Nxf4 18. Nxf4 Bxg5 19. Nxg6 Qd8 20. cxd5 hxg6 21.
Qxg6 Rf8 22. dxc6 bxc6 23. Qe6+ Kh8 24. Re4 Re8 25. Qxc6 Rxe4 26. Qxe4 Nf6 27.
Qf3 Qd5 28. Qg3 Re8 29. Kf1 Ne4 30. Qd3 Qf5 31. Qe2 Ng3+ 32. Ke1 Rxe2+ 33. Kd1
Qxb1# {White checkmated} 0-1

[Event "Team 45 45 League T28"]
[Site "Internet Chess Club"]
[Date "2005.10.14"]
[Round "5"]
[White "mwm913"]
[Black "PaleMorningDun"]
[Result "0-1"]
[WhiteElo "1322"]
[BlackElo "1305"]
[TimeControl "2700+45"]

1. e4 d5 2. exd5 Nf6 3. c4 e6 4. dxe6 Bxe6 5. Nf3 Bd6 6. Be2 O-O 7. O-O c5 8.
Nc3 Nc6 9. b3 Qc7 10. Nb5 Qd7 11. Nxd6 Qxd6 12. d3 Rfe8 13. Bg5 Bf5 14. Qd2 h6
15. Bf4 Qd7 16. Bg3 Nh5 17. Bh4 g5 18. Bg3 Rad8 19. Nxg5 Nxg3 20. fxg3 Bg6 21.
Nf3 Nd4 22. Nxd4 Qxd4+ 23. Kh1 Bxd3 24. Bxd3 Qxd3 25. Qxh6 Re2 26. Qg5+ Kf8 27.
Qxc5+ Ke8 28. Qh5 Rd7 29. Rad1 Qe4 30. Ra1 Qxg2# {White checkmated} 0-1

[Event "Team 45 45 League T28"]
[Site "Internet Chess Club"]
[Date "2005.10.15"]
[Round "5"]
[White "pk4"]
[Black "NineMilly"]
[Result "0-1"]
[WhiteElo "1244"]
[BlackElo "1183"]
[TimeControl "2700+45"]

1. e4 e6 2. d4 c5 3. d5 Qb6 4. dxe6 Qb4+ 5. Nc3 dxe6 6. a3 Qb6 7. Nf3 Be7 8.
Bb5+ Bd7 9. Bxd7+ Nxd7 10. O-O h6 11. Qd3 Bf6 12. Rd1 Rd8 13. Qb5 Qc7 14. e5 a6
15. Qa4 Bxe5 16. Nxe5 Qxe5 17. Be3 Nf6 18. Re1 Qf5 19. Rad1 O-O 20. Ne2 Nb6 21.
Qb3 Rxd1 22. Rxd1 Nbd5 23. Ng3 Qg6 24. c4 Nxe3 25. Qxe3 Qc2 26. Qc1 Qb3 27. Ne2
b5 28. cxb5 axb5 29. Qc3 Qxd1+ {White resigns} 0-1  



   **ANNOUNCEMENT** from ROBOadmin: "help event2" for a list of all the upcoming events on the Internet Chess Club!

[Event "Team 45 45 League T28"]
[Site "Internet Chess Club"]
[Date "2005.10.14"]
[Round "5"]
[White "PocketChange"]
[Black "Leftorium"]
[Result "1-0"]
[WhiteElo "1201"]
[BlackElo "1159"]
[TimeControl "2700+45"]

1. e4 e5 2. Nf3 Nc6 3. Bb5 Nf6 4. Nc3 Bb4 5. O-O O-O 6. d4 exd4 7. Nxd4 a6 8.
Nxc6 dxc6 9. Qxd8 Rxd8 10. Bd3 Bg4 11. Bf4 Ba5 12. Bg5 h6 13. e5 hxg5 14. exf6
gxf6 15. Ne4 Kg7 16. f4 Bb6+ 17. Kh1 Bf5 18. fxg5 Kg6 19. gxf6 Bxe4 20. Bxe4+
Kh6 21. Rf4 Re8 22. Raf1 Rad8 23. Rh4+ Kg5 24. g3 Bd4 25. Rf5+ Kg6 26. Rff4+ Kg5
27. Kg2 Bxb2 28. Rf5+ Kg6 29. Rg4+ Kh6 30. h4 Rd2+ 31. Kh3 Re6 32. h5 Bxf6 33.
Bf3 Rxc2 34. Rg8 Rxa2 35. g4 Kh7 36. Rf8 Kg7 37. Rd8 Bxd8 38. h6+ Rxh6+ 39. Kg3
Bh4+ 40. Kf4 Re6 41. Rh5 Ra4+ 42. Kf5 Rf6+ 43. Ke5 Rxf3 44. Rxh4 {Black forfeits
on time} 1-0

[Event "Team 45 45 League T28"]
[Site "Internet Chess Club"]
[Date "2005.10.15"]
[Round "5"]
[White "Knight-Rookie"]
[Black "kevinfons"]
[Result "1-0"]
[WhiteElo "1324"]
[BlackElo "1400"]
[TimeControl "2700+45"]

1. e4 c5 2. Nf3 d6 3. h3 Nc6 4. Bc4 e6 5. d4 cxd4 6. Nxd4 e5 7. Nf3 Nf6 8. Ng5
Be6 9. Nxe6 fxe6 10. Bxe6 Qe7 11. Bb3 Nd4 12. Ba4+ Nc6 {Black resigns} 1-0

[Event "Team 45 45 League T28"]
[Site "Internet Chess Club"]
[Date "2005.10.17"]
[Round "5"]
[White "Manimal007"]
[Black "jientho"]
[Result "0-1"]
[WhiteElo "1264"]
[BlackElo "1374"]
[TimeControl "2700+45"]

1. d4 d5 2. Nf3 Nf6 3. e3 c5 4. c3 Nc6 5. Bd3 Bg4 6. Nbd2 e6 7. O-O Bd6 8. Re1
cxd4 9. cxd4 e5 10. dxe5 Nxe5 11. h3 Nxd3 12. hxg4 Nxe1 13. Qxe1 Nxg4 14. b3 O-O
15. Bb2 Re8 16. Rc1 Rc8 17. Rxc8 Qxc8 18. Qe2 Qc2 19. Qb5 Re7 20. Bd4 Qc1+ 21.
Nf1 Qc6 22. Qd3 Bc5 23. Ng5 g6 24. Bb2 Ne5 25. Qc3 Bd6 26. f4 Qxc3 27. Bxc3 Ng4
28. Bd4 b6 29. g3 Bc5 30. Bxc5 bxc5 31. Kg2 Nxe3+ 32. Nxe3 Rxe3 33. Kf2 d4 34.
Nf3 Rc3 35. Ke1 Rxf3 {White resigns} 0-1

[Event "Team 45 45 League T28"]
[Site "Internet Chess Club"]
[Date "2005.10.16"]
[Round "5"]
[White "Tom45"]
[Black "slakkjaw"]
[Result "0-1"]
[WhiteElo "1080"]
[BlackElo "1194"]
[TimeControl "2700+45"]

1. e4 e5 2. Nf3 Nc6 3. Nc3 Bb4 4. Be2 Nf6 5. O-O d5 6. exd5 Nxd5 7. Bb5 a6 8.
Bxc6+ bxc6 9. Nxe5 Bb7 10. a3 Bd6 11. Re1 O-O 12. Nxd5 cxd5 13. d4 f6 14. Nf3 c5
15. b3 Qc7 16. c4 Qb6 17. dxc5 Bxc5 18. Be3 Rad8 19. Qc2 f5 20. b4 Bxe3 21. Rxe3
Qf6 22. Rae1 d4 23. Re6 Qf7 24. Re7 d3 25. Qd2 Qxc4 26. Rxb7 Rc8 27. h3 Rfd8 28.
Rc1 Qxc1+ 29. Qxc1 Rxc1+ 30. Kh2 d2 31. Nxd2 Rxd2 32. Rb8+ Kf7 33. Ra8 f4 34.
Rxa6 h6 35. b5 Rxf2 36. Ra7+ Kg6 37. Ra6+ Kh7 38. a4 Rff1 {White resigns} 0-1

[Event "Team 45 45 League T28"]
[Site "Internet Chess Club"]
[Date "2005.10.14"]
[Round "5"]
[White "bmw2002"]
[Black "C-Jones"]
[Result "1-0"]
[WhiteElo "1617"]
[BlackElo "1658"]
[TimeControl "2700+45"]

1. c4 e6 2. Nc3 Nf6 3. g3 d5 4. cxd5 exd5 5. d4 Nc6 6. Bg2 h6 7. e3 Be7 8. Nge2
Bf5 9. a3 O-O 10. O-O Nb8 11. Qb3 Bc8 12. Nxd5 Nxd5 13. Bxd5 c6 14. Be4 Nd7 15.
Nf4 Nf6 16. Bc2 g5 17. Ng6 Be6 18. Nxe7+ Qxe7 19. Qd3 Rad8 20. b4 b5 21. Re1 Bh3
22. e4 Nh7 23. Bb2 f6 24. Rad1 Kh8 25. Qf3 Qf7 26. g4 Qa2 27. Rb1 Bxg4 28. Qxg4
Qc4 29. Qd1 Qe6 30. Qd3 Qg4+ 31. Kh1 f5 32. e5 {Black resigns} 1-0

[Event "Team 45 45 League T28"]
[Site "Internet Chess Club"]
[Date "2005.10.18"]
[Round "5"]
[White "Fegary"]
[Black "fredd"]
[Result "1-0"]
[WhiteElo "1661"]
[BlackElo "1517"]
[TimeControl "2700+45"]

1. e4 e5 2. Nf3 Nc6 3. Bb5 a6 4. Ba4 Nf6 5. O-O d6 6. Re1 b5 7. Bb3 Bg4 8. c3
Be7 9. d3 O-O 10. Bg5 d5 11. Nbd2 d4 12. h3 Bh5 13. Bxf6 Bxf6 14. Bd5 Qd7 15.
Kh2 Rab8 16. a3 Ne7 17. Bb3 Kh8 18. Rg1 g5 19. g4 Bxg4 20. Rxg4 Ng6 21. cxd4 h5
22. Rg3 Kg7 23. Nxg5 Bxg5 24. Rxg5 Rh8 25. Qf3 Rbf8 26. dxe5 Rh6 27. Qf6+ Kh7
28. Rag1 Qe7 29. Qxe7 Nxe7 30. Rg7+ Kh8 31. Bxf7 Ng6 32. R7xg6 Rxg6 33. Bxg6
Rxf2+ 34. Rg2 {Black resigns} 1-0

[Event "Team 45 45 League T28"]
[Site "Internet Chess Club"]
[Date "2005.10.13"]
[Round "5"]
[White "AlPearson"]
[Black "PostMike"]
[Result "1-0"]
[WhiteElo "1520"]
[BlackElo "1572"]
[TimeControl "2700+45"]

1. e4 c5 2. d4 cxd4 3. c3 dxc3 4. Nxc3 Nc6 5. Nf3 d6 6. Bc4 e6 7. O-O Be7 8. Qe2
Bf6 9. Bf4 Ne5 10. Nxe5 dxe5 11. Rfd1 Qc7 12. Bg3 a6 13. Rac1 Ne7 14. Bb3 Nc6
15. Qc4 O-O 16. Na4 Bd7 17. Nc5 Nd4 18. Nxd7 Qxd7 19. Qd3 Rfd8 20. f4 exf4 21.
Bxf4 Rac8 22. e5 Rxc1 23. Rxc1 Nxb3 24. Qxb3 Be7 25. Qc2 Qd4+ 26. Qf2 Qd5 27.
Qc2 Qd4+ 28. Qf2 Qxf2+ 29. Kxf2 Rd2+ 30. Bxd2 {Black resigns} 1-0

[Event "Team 45 45 League T28"]
[Site "Internet Chess Club"]
[Date "2005.10.18"]
[Round "5"]
[White "MPknight"]
[Black "martineden"]
[Result "1-0"]
[WhiteElo "1654"]
[BlackElo "1634"]
[TimeControl "2700+45"]

1. d4 d5 2. Nf3 Nf6 3. e3 Bf5 4. Bd3 Bxd3 5. cxd3 e6 6. O-O c5 7. dxc5 Bxc5 8.
d4 Bd6 9. Nbd2 Nc6 10. b3 Rc8 11. Re1 Qc7 12. Bb2 Ng4 13. h3 Bh2+ 14. Kf1 Nxf2
15. Kxf2 Bg3+ 16. Kf1 Bxe1 17. Qxe1 Nb4 18. Rc1 Qd7 19. Rxc8+ Qxc8 20. Qb1 O-O
21. Ne1 Qc6 22. a3 Qb5+ 23. Kf2 Nc6 24. Qd3 Qxd3 25. Nxd3 b6 26. Ke2 Rc8 27. Kd1
h5 28. Ne1 Ne7 29. Ke2 Rc2 30. Nxc2 Nf5 31. Kf2 g5 32. Nf3 f6 33. Bc3 Nd6 34.
Nd2 f5 35. Ke2 Kf7 36. Bb2 Kg6 37. a4 g4 38. hxg4 hxg4 39. Nb4 Kg5 40. Nc6 a6
41. Nb8 f4 42. exf4+ Kxf4 43. Nf1 Nf5 44. Nxa6 Ke4 45. Nc7 Nxd4+ 46. Bxd4 Kxd4
47. Nxe6+ Kc3 48. Ne3 d4 49. Nd1+ Kxb3 50. Nxd4+ Kxa4 51. Ne3 g3 52. Nef5 {Black
resigns} 1-0

[Event "Team 45 45 League T28"]
[Site "Internet Chess Club"]
[Date "2005.10.13"]
[Round "5"]
[White "tryanything"]
[Black "BraafPaard"]
[Result "1-0"]
[WhiteElo "1576"]
[BlackElo "1501"]
[TimeControl "2700+45"]

1. e4 d5 2. exd5 Nf6 3. c4 e6 4. dxe6 Bxe6 5. a3 Nc6 6. Nf3 Bd6 7. d4 Bg4 8. Be2
O-O 9. Be3 Re8 10. O-O Nb8 11. Nc3 c6 12. Qc2 Qc7 13. c5 Bf4 14. Bxf4 Qxf4 15.
Rad1 b5 16. b4 a5 17. Qd2 Qxd2 18. Rxd2 Ne4 19. Nxe4 Rxe4 20. h3 Bd7 21. Ne5
axb4 22. axb4 Be6 23. Bf3 Rf4 24. Nxc6 Nxc6 25. Bxc6 Rd8 26. d5 Bc8 27. Rb2 Re4
28. d6 Bd7 29. Bxe4 {Black resigns} 1-0

[Event "Team 45 45 League T28"]
[Site "Internet Chess Club"]
[Date "2005.10.15"]
[Round "5"]
[White "alaskauk"]
[Black "Fineas-Fogg"]
[Result "1-0"]
[WhiteElo "1467"]
[BlackElo "1421"]
[TimeControl "2700+45"]

1. e4 e6 2. d4 d5 3. e5 Bd7 4. Nf3 c5 5. c3 Nc6 6. Bb5 cxd4 7. Bxc6 Bxc6 8. cxd4
Bb4+ 9. Nc3 Bb5 10. Bd2 Bxc3 11. Bxc3 Ne7 12. Ng1 Nc6 13. Ne2 O-O 14. O-O f6 15.
a4 Ba6 16. Re1 Rc8 17. Nf4 Qe7 18. Qg4 f5 19. Qg3 Rce8 20. h4 Nb4 21. Bxb4 Qxb4
22. Nh5 Re7 23. Qg5 h6 24. Qg6 Kh8 25. Re3 Qxd4 26. Nf6 gxf6 27. Qxh6+ Kg8 28.
Rg3+ Qg4 29. Rxg4+ fxg4 30. Ra3 f5 31. Qe3 Rd8 32. h5 d4 33. Qg5+ Kf7 34. Qg6+
Kf8 35. h6 d3 36. Rxd3 Bxd3 37. h7 Rxh7 38. Qxh7 Re8 39. Qxb7 a6 40. b4 Re7 41.
Qb8+ Kf7 42. Qd6 Be2 43. Qd2 Bc4 44. Qc2 Bd5 45. b5 axb5 46. axb5 Rb7 47. b6 Kg6
48. Qb2 Kf7 49. Qb5 Ke7 50. Qa6 Kd7 51. Qa4+ Bc6 52. Qd4+ Bd5 53. Qc5 Kd8 54.
Kh2 f4 55. Qf8+ Kd7 56. Qxf4 Rxb6 57. Qxg4 Rb2 58. Qa4+ Bc6 59. Qd4+ {Black
resigns} 1-0

[Event "Team 45 45 League T28"]
[Site "Internet Chess Club"]
[Date "2005.10.16"]
[Round "5"]
[White "engeln"]
[Black "Prop"]
[Result "1-0"]
[WhiteElo "1359"]
[BlackElo "1299"]
[TimeControl "2700+45"]

1. d4 e6 2. c4 d5 3. Nc3 Nf6 4. Bf4 dxc4 5. e4 Bb4 6. Qa4+ Nc6 7. Nf3 O-O 8. a3
Ba5 9. Qxc4 Nxe4 10. Bd3 Nxc3 11. bxc3 Qd5 12. O-O Qxc4 13. Bxc4 Bxc3 14. Rad1
Ba5 15. d5 exd5 16. Bxd5 Rd8 17. Ng5 Ne7 18. Bxf7+ Kh8 19. Rxd8+ Ng8 20. Rxg8#
{Black checkmated} 1-0

[Event "Team 45 45 League T28"]
[Site "Internet Chess Club"]
[Date "2005.10.14"]
[Round "5"]
[White "EyeAm"]
[Black "cazj"]
[Result "1-0"]
[WhiteElo "1382"]
[BlackElo "1351"]
[TimeControl "2700+45"]

1. e4 e5 2. Nf3 Nc6 3. Bc4 Bc5 4. c3 Nf6 5. d4 exd4 6. cxd4 Bb6 7. e5 Ng4 8. h3
Nh6 9. O-O d5 10. Bb5 Nf5 11. Nc3 O-O 12. Bxc6 bxc6 13. Bd2 Nxd4 14. Nxd4 Bxd4
15. Bf4 c5 16. Qd3 c6 17. Rab1 Qd7 18. Rfe1 Qf5 19. Qxf5 Bxf5 20. Rbc1 Rfe8 21.
g4 Bxc3 22. Rxc3 Be4 23. Rxc5 Re6 24. b3 Rae8 25. Bg3 f6 26. f4 g6 27. Ra5 R8e7
28. h4 Bf3 29. g5 f5 30. Bf2 Rd7 31. Rxa7 Rxa7 32. Bxa7 Re7 33. Bd4 Re8 34. Ra1
Re6 35. a4 Kf7 36. a5 Re8 37. a6 Ke7 38. a7 Ra8 39. Ra6 Kd7 40. e6+ Kc7 41. e7
Kb7 42. Rb6+ Kxa7 43. Rb8+ Kxb8 44. e8=Q+ Kb7 45. Qd7+ Kb8 46. Be5# {Black
checkmated} 1-0

[Event "Team 45 45 League T28"]
[Site "Internet Chess Club"]
[Date "2005.10.14"]
[Round "5"]
[White "Midwest-Rook"]
[Black "Gomer"]
[Result "0-1"]
[WhiteElo "1167"]
[BlackElo "1349"]
[TimeControl "2700+45"]

1. e4 e5 2. Nf3 Nc6 3. Bc4 Bc5 4. c3 d6 5. d4 Bb6 6. d5 Nce7 7. Qe2 Ng6 8. Bb5+
Bd7 9. Ng5 a6 10. Bc4 Qf6 11. Qf3 Qxf3 12. Nxf3 O-O-O 13. b4 Nf6 14. Bd3 Ng4 15.
O-O Rhf8 16. a4 f5 17. a5 Ba7 18. h3 fxe4 19. Bxe4 Nf6 20. Bg5 Rde8 21. Bxg6
hxg6 22. c4 Ne4 23. Nbd2 Nxg5 24. Nxg5 Rf5 25. Ngf3 e4 26. Nh4 Rf6 27. g4 g5 28.
Ng2 Ref8 29. Nxe4 R6f7 30. Ra2 Rf3 31. Nxg5 Rc3 32. c5 dxc5 33. Ne4 Rxh3 34. Ng5
Rc3 35. bxc5 Bxc5 36. Ne4 Rc4 37. Nxc5 Rxc5 38. Ne3 c6 39. dxc6 Rxc6 40. f3 Rc3
41. Rc2 Rxc2 42. Nxc2 Kc7 43. Nb4 Bb5 44. Rc1+ Bc6 45. Nxc6 bxc6 46. Kf2 Rb8 47.
Rc5 Rb5 48. Rxb5 axb5 49. Ke3 Kb7 50. Kd4 Ka6 51. Kc3 Kxa5 52. f4 Ka4 53. Kb2
Kb4 54. f5 Kc5 55. g5 Kd6 56. f6 gxf6 57. g6 Ke7 58. Kc3 Kf8 59. Kd4 Kg7 {White
resigns} 0-1

[Event "Team 45 45 League T28"]
[Site "Internet Chess Club"]
[Date "2005.10.13"]
[Round "5"]
[White "jerry813"]
[Black "rpgrossman"]
[Result "0-1"]
[WhiteElo "1200"]
[BlackElo "1035"]
[TimeControl "2700+45"]

1. f4 e6 2. e4 d5 3. e5 Nc6 4. d4 Nge7 5. Nf3 g6 6. Bb5 a6 7. Ba4 b5 8. Bb3 Bg7
9. a4 b4 10. Bd2 a5 11. c3 Ba6 12. cxb4 Bd3 13. b5 Nb4 14. Bxb4 Bxb1 15. Bxe7
Qxe7 16. Qxb1 Qb4+ 17. Nd2 Qxd4 18. Qc2 Qxf4 19. Qc6+ Ke7 20. Qxc7+ Ke8 21. Qc6+
Ke7 22. Qd6+ Ke8 23. g3 Qe3+ 24. Kd1 Bh6 25. Qc6+ Ke7 26. Qc2 Rac8 27. Nf1 Rxc2
28. Nxe3 Rxb2 29. Ba2 Bxe3 30. Re1 Rd2+ 31. Kc1 Rxa2+ 32. Kd1 Rxa1+ 33. Ke2
Rxe1+ 34. Kxe1 Rc8 35. Ke2 Bg1 36. Kf1 Bxh2 37. b6 Bxg3 38. b7 Rb8 39. Kg2 Bxe5
{White resigns} 0-1

[Event "Team 45 45 League T28"]
[Site "Internet Chess Club"]
[Date "2005.10.20"]
[Round "5"]
[White "Tomate"]
[Black "Conjurer"]
[Result "1-0"]
[WhiteElo "1396"]
[BlackElo "1275"]
[TimeControl "2700+45"]

1. e4 c5 2. c3 d6 3. Nf3 Nf6 4. d3 e6 5. Bg5 Be7 6. Nbd2 O-O 7. Be2 b5 8. O-O
Bb7 9. Bxf6 Bxf6 10. d4 cxd4 11. cxd4 d5 12. e5 Be7 13. Bxb5 Qb6 14. a4 a6 15.
Be2 Qxb2 16. Rb1 Qc3 17. Rxb7 Nc6 18. Rb3 Qa5 19. Rb1 f6 20. Rc1 Qb6 21. Nb3 g5
22. Rb1 a5 23. Nc5 Nb4 24. Nd7 {Black resigns} 1-0

[Event "Team 45 45 League T28"]
[Site "Internet Chess Club"]
[Date "2005.10.13"]
[Round "5"]
[White "QuaqQuao"]
[Black "nona"]
[Result "0-1"]
[WhiteElo "1373"]
[BlackElo "1534"]
[TimeControl "2700+45"]

1. e4 d5 2. exd5 Nf6 3. Nf3 Nxd5 4. Bc4 Nb6 5. Bb3 Nc6 6. a3 e5 7. d3 Bd6 8. O-O
O-O 9. Nc3 Bg4 10. Be3 Ne7 11. Ne4 Ng6 12. h3 Bf5 13. Ng3 Bd7 14. Bd2 Bc6 15.
Ne4 h6 16. c4 Nd7 17. Re1 Nc5 18. Nxc5 Bxc5 19. Be3 Bd6 20. c5 Be7 21. Bc4 Nh4
22. Nxh4 Bxh4 23. Qg4 Bd7 24. Qf3 c6 25. Rad1 Bg5 26. Qg3 Bh4 27. Qxe5 Bf6 28.
Qg3 Kh7 29. d4 Be6 30. b3 Bd5 31. Rc1 Qa5 32. Bxd5 cxd5 33. Ra1 Rae8 34. Red1
Qb5 35. b4 Re6 36. Qf3 Bd8 37. Qxd5 Bc7 38. g3 Rd8 39. Qf5+ Rg6 40. h4 Kg8 41.
Bf4 Rf6 42. Qd3 Qxd3 43. Rxd3 Bxf4 44. gxf4 Rxf4 45. h5 Rh4 46. Re1 Kf8 47. Re5
Rhxd4 48. Rde3 Rd3 49. Kg2 Rxe3 50. Rxe3 Rd5 51. Rh3 Ke7 52. Rh4 Rd3 53. a4 Ra3
54. a5 Rb3 55. Rd4 Rb2 56. Kg3 Re2 57. Kf3 Re5 58. a6 bxa6 59. c6 Re6 60. Rc4
Kd8 61. Rd4+ Kc7 62. Rd7+ Kxc6 63. Rxa7 Kb5 64. Kg2 Rf6 65. Rb7+ Kc4 66. f3 Rf5
67. Kg3 Rxh5 68. Rxf7 Rg5+ 69. Kh4 Kxb4 70. f4 Rg1 71. Kh5 a5 72. f5 Rg5+ 73.
Kh4 a4 74. f6 gxf6 75. Rxf6 a3 76. Rxh6 Rb5 77. Kg4 a2 78. Rh1 Ka3 79. Rh3+ Ka4
80. Rh8 a1=Q 81. Ra8+ Ra5 {White resigns} 0-1

[Event "Team 45 45 League T28"]
[Site "Internet Chess Club"]
[Date "2005.10.14"]
[Round "5"]
[White "terrencevane"]
[Black "GLuft"]
[Result "0-1"]
[WhiteElo "680"]
[BlackElo "1102"]
[TimeControl "2700+45"]

1. e4 e6 2. Nf3 d5 3. exd5 exd5 4. Bb5+ c6 5. Ba4 Qe7+ 6. Kf1 Nf6 7. Nd4 Bd7 8.
d3 Ng4 9. Nd2 g6 10. f3 Ne3+ 11. Ke2 Nxd1+ 12. Kxd1 Qb4 13. b3 Qc3 14. Ne2 Qxa1
15. b4 Bxb4 16. Nb3 Qe5 17. d4 Qd6 18. Bd2 Bxd2 19. Kxd2 Qb4+ 20. c3 Qxa4 21.
Ra1 O-O 22. Nc5 Qa3 23. Nd3 Re8 24. Nef4 Bf5 25. g3 Bxd3 26. Kxd3 Na6 27. Rb1 b5
28. Rb3 Qxa2 29. Rb4 Nxb4+ 30. cxb4 Qb3+ 31. Kd2 Qe3+ 32. Kd1 Qxf3+ 33. Kd2 Qe3+
34. Kc2 Qf2+ 35. Kd1 Qxh2 36. Ne2 Qxe2+ 37. Kc1 Qf2 38. Kb1 Re1# {White
checkmated} 0-1

[Event "Team 45 45 League T28"]
[Site "Internet Chess Club"]
[Date "2005.10.16"]
[Round "5"]
[White "kingfischer57"]
[Black "Rookmaster"]
[Result "0-1"]
[WhiteElo "1805"]
[BlackElo "1763"]
[TimeControl "2700+45"]

1. d4 d5 2. c4 Nc6 3. c5 e5 4. e3 Nf6 5. Nc3 a6 6. a3 g6 7. Bd3 Bg7 8. dxe5 Nxe5
9. Be2 O-O 10. Nf3 Nxf3+ 11. Bxf3 Be6 12. O-O c6 13. Re1 Qc7 14. e4 dxe4 15.
Nxe4 Nxe4 16. Bxe4 Rad8 17. Qe2 Qe5 18. Qc2 f5 19. Bg5 fxe4 20. Bxd8 Rxd8 21.
Qxe4 Qxe4 22. Rxe4 Bf5 23. Re2 Rf8 24. Rae1 Bd4 25. b4 Bg4 26. Rc2 Bf5 27. Rce2
Bg4 28. Rc2 Bf5 29. Rce2 b6 30. cxb6 Bxb6 31. Re8 Bd3 32. Rxf8+ Kxf8 33. Rd1 Bb5
34. Rd7 Kg8 35. h3 Kh8 36. Re7 Bd4 37. Rf7 Kg8 38. Rf4 Bb2 39. Rf3 Kg7 40. Rb3
Bd4 41. Rf3 Bb6 42. g3 a5 43. Rc3 axb4 44. axb4 Bd4 45. Rf3 Bb6 46. h4 Be2 47.
Rc3 Bb5 48. Rf3 Bc7 49. Re3 Bd6 50. Re4 Kf7 51. Kg2 c5 52. bxc5 Bc6 53. cxd6
Bxe4+ 54. f3 Bd5 55. Kf2 Ke6 56. Ke3 Kxd6 57. Kf4 Ke6 58. Kg5 Bxf3 59. Kh6 Kf5
60. Kxh7 Bh5 61. Kh6 Kg4 62. Kg7 Kxg3 63. Kf6 Kxh4 {White resigns} 0-1

[Event "Team 45 45 League T28"]
[Site "Internet Chess Club"]
[Date "2005.10.15"]
[Round "5"]
[White "Kingofknights"]
[Black "crankn8tr"]
[Result "1-0"]
[WhiteElo "1720"]
[BlackElo "1582"]
[TimeControl "2700+45"]

1. d4 Nf6 2. c4 g6 3. Nf3 Bg7 4. Nc3 O-O 5. e4 d6 6. Be2 Na6 7. Be3 c5 8. Qd2
Bg4 9. Rd1 cxd4 10. Nxd4 Bxe2 11. Ndxe2 Nc5 12. f3 a5 13. O-O Nfd7 14. f4 f5 15.
Qd5+ Kh8 16. e5 Nb6 17. Qf3 Qc7 18. Nd5 Nxd5 19. Qxd5 Ne4 20. Nd4 dxe5 21. Ne6
Qd6 22. Nxf8 Qxd5 23. Nxg6+ hxg6 24. Rxd5 exf4 25. Bxf4 Bxb2 26. Be5+ Bxe5 27.
Rxe5 Nd2 28. Rf4 Rc8 29. Rxe7 Nxc4 30. Rxb7 Nd6 31. Rb2 Ne4 32. g3 Kg8 33. Kg2
Re8 34. Rf3 Re5 35. Rb7 Nd2 36. Rd3 Re2+ 37. Kh3 {Black resigns} 1-0